 Dungeon Crawl Stone Soup version 0.25-b1-37-g2669288c55 (webtiles) character file.

Game seed: 17433926412138320248

1006 grindst0ne the Skirmisher (level 8, 67/67 HPs)
             Began as a Demonspawn Gladiator on June 4, 2020.
             Got out of the dungeon alive.
             The game lasted 00:08:18 (4920 turns).

grindst0ne the Skirmisher (Demonspawn Gladiator)    Turns: 4920, Time: 00:08:18

Health: 67/67      AC: 11    Str: 16    XL:     8   Next: 0%
Magic:  8/8        EV: 10    Int: 11    God:
Gold:   149        SH:  0    Dex: 14    Spells: 7/7 levels left

rFire    . . .     SeeInvis .   s - +4 quarterstaff (chaos)
rCold    . . .     Gourm    .   (shield currently unavailable)
rNeg     . . .     Faith    .   o - +0 scale mail
rPois    .         Spirit   .   c - +1 helmet
rElec    .         Reflect  .   t - +2 cloak {Stlth+}
rCorr    .         Harm     .   (no gloves)
MR       .....                  (no boots)
Stlth    +.........             (no amulet)
HPRegen  0.21/turn              l - -4 ring of protection (curse)
MPRegen  0.11/turn              (no ring)

@: no status effects
A: icy blue scales 2, demonic guardian 1, nightstalker 1
a: no special abilities


You escaped.
You were not hungry.

You visited 1 branch of the dungeon, and saw 5 of its levels.

You collected 149 gold pieces.

Inventory:

Hand Weapons
 a - a +0 war axe
 s - a +4 quarterstaff of chaos (weapon)
Missiles
 d - 3 throwing nets (quivered)
 m - 8 boomerangs
Armour
 c - a +1 helmet (worn)
 i - a +0 ring mail
 n - a +0 plate armour
 o - a +0 scale mail (worn)
 q - a +0 chain mail
 t - a +2 cloak of stealth (worn)
Jewellery
 l - a cursed -4 ring of protection (left hand)
Wands
 u - a wand of random effects (20)
 w - a wand of polymorph (8)
 x - a wand of flame (8)
Scrolls
 b - 2 scrolls of teleportation
 e - a scroll of amnesia
 r - a scroll of magic mapping
 v - 2 scrolls of identify
Potions
 g - 2 potions of brilliance
 h - a potion of curing {unknown}
 j - a potion of heal wounds {unknown}
 k - a potion of berserk rage {unknown}
 p - 2 potions of stabbing
 z - a potion of lignification {unknown}
Comestibles
 f - 7 rations


   Skills:
 + Level 7.2 Fighting
 - Level 2.6 Axes
 - Level 1.7 Throwing
 + Level 5.4 Armour
 - Level 2.6 Dodging


You had 7 spell levels left.
You didn't know any spells.
Your spell library contained the following spells:

 Spells                   Type           Power        Failure   Level  Hunger
 Animate Skeleton         Necr           N/A          75%         1    ##.....
 Apportation              Tloc           #.....       75%         1    ##.....
 Corona                   Hex            #......      75%         1    ##.....
 Summon Small Mammal      Summ           #...         75%         1    ##.....


Dungeon Overview and Level Annotations

Branches:
Dungeon (5/15)
 Temple: D:4-7

Altars:
Gozag
Kikubaaqudgha
Sif Muna
Vehumet


Innate Abilities, Weirdness & Mutations

You are mostly covered in icy blue scales. (AC +3)
A weak demonic guardian rushes to your aid.
You are slightly more attuned to the shadows.


Message History

(D) Dungeon
Where to? (Enter - D:3, ? - help)
Things that are here:
a +0 club x2
There is an open door, spattered with blood here.
Things that are here:
a +0 chain mail; a cursed -3 hand axe; a +0 spear
There is a stone staircase leading up here.
Items here: )))) [ a +0 chain mail; a +0 hand axe; a cursed -1 club; a +0 spear; a +0 dagger You climb upwards.
There is a stone staircase leading down here.
(D) Dungeon
Where to? (Enter - D:2, ? - help)
There is a stone staircase leading up here.
You climb upwards.
There is a stone staircase leading down here.
There is a staircase leading out of the dungeon here.
Are you sure you want to leave the Dungeon?
This will make you lose the game!
You have escaped!

.).....#.#............#.# #....#
#......#..#......#...#..# #....#
#.รท....#...#....#...#...# ####..
#......#....#..#...#....# #.#
##.#+#.#.....##.#.#.....#######.#
#.....#...#.#...#......#........
#.....##...#.....#.#...#.#######
#.....#.#.#.#.....#....#.# #.
##.......#...#.@.#...#...# #.
#....#.#.#...#.#...#..### #.
###....#....#...#...#...# #.
...)...#.....#...#.#....# #.
.......#.....##...#.....# #.
.......#....#..#.#.#....# #.
.......#...#....#...#...# #.
.......#..#....#.#...#..# #.
.......#.#........#...#.# #.


There were no monsters in sight!

Vanquished Creatures
  An ice beast (D:5)
  Blork the orc (D:4)
  Dowan (D:4)
  A bullfrog skeleton (D:5)
  4 hounds (D:4)
  A centaur skeleton (D:4)
  Jessica (D:2)
  3 iguanas (D:4)
  Natasha (thrice) (D:3)
  Ijyb (D:3)
  A worker ant (D:4)
  Robin (D:2)
  7 gnolls
  4 adders
  2 worms (D:3)
  2 dart slugs
  3 leopard geckos
  6 orcs (D:3)
  A ball python (D:3)
  2 giant cockroaches
  11 goblins
  8 hobgoblins
  6 jackals
  3 kobolds
  4 quokkas
  12 bats
  4 frilled lizards
  A leopard gecko skeleton (D:4)
  9 rats
104 creatures vanquished.

Vanquished Creatures (collateral kills)
  Duvessa (D:4)
  An ogre (D:4)
  A scorpion (D:4)
  An orc priest (D:3)
  Crazy Yiuf (D:2)
  A leopard gecko (D:4)
6 creatures vanquished.

Vanquished Creatures (others)
  An orc wizard (D:3)
1 creature vanquished.

Grand Total: 111 creatures vanquished

Notes
Turn   | Place    | Note
-------+----------+-------------------------------------------
     0 | D:1      | grindst0ne the Demonspawn Gladiator began the quest for the
                  | Orb.
     0 | D:1      | Reached XP level 1. HP: 16/16 MP: 1/1
    65 | D:1      | Gained mutation: You are partially covered in icy blue
                  | scales. (AC +2) [demonic ancestry]
    65 | D:1      | Reached XP level 2. HP: 15/23 MP: 2/2
   209 | D:1      | Reached skill level 3 in Fighting
   616 | D:2      | Gained mutation: A weak demonic guardian rushes to your
                  | aid. [demonic ancestry]
   616 | D:2      | Reached XP level 3. HP: 12/29 MP: 3/3
   808 | D:2      | Found a shimmering blue altar of Sif Muna.
  1270 | D:2      | Noticed Jessica
  1276 | D:2      | Killed Jessica
  1276 | D:2      | Reached skill level 4 in Fighting
  1276 | D:2      | Reached skill level 1 in Armour
  1377 | D:2      | Found a runed translucent door.
  1378 | D:2      | Noticed Crazy Yiuf
  1628 | D:2      | Gained mutation: You are mostly covered in icy blue scales.
                  | (AC +3) [demonic ancestry]
  1628 | D:2      | Reached XP level 4. HP: 37/37 MP: 4/4
  1639 | D:2      | Noticed Robin
  1652 | D:2      | Killed Robin
  2024 | D:2      | Killed Crazy Yiuf
  2322 | D:3      | Reached XP level 5. HP: 27/43 MP: 5/5
  2605 | D:3      | Noticed Natasha
  2611 | D:3      | Killed Natasha
  2611 | D:3      | Reached skill level 5 in Fighting
  2969 | D:3      | Noticed Natasha
  2974 | D:3      | Killed Natasha
  3005 | D:3      | Noticed Natasha
  3011 | D:3      | Killed Natasha
  3011 | D:3      | Reached XP level 6. HP: 50/51 MP: 6/6
  3079 | D:3      | Noticed Ijyb
  3086 | D:3      | Killed Ijyb
  3314 | D:3      | Found a radiant altar of Vehumet.
  3746 | D:4      | Found an opulent altar of Gozag.
  3774 | D:4      | Noticed Blork the orc
  3777 | D:4      | Noticed Duvessa
  3778 | D:4      | Noticed Dowan
  3785 | D:4      | Killed Dowan
  3793 | D:4      | Killed Blork the orc
  3793 | D:4      | Reached skill level 6 in Fighting
  3793 | D:4      | Reached XP level 7. HP: 24/58 MP: 7/7
  3801 | D:4      | Killed Duvessa
  4031 | D:4      | Found an ancient bone altar of Kikubaaqudgha.
  4344 | D:4      | Reached skill level 5 in Armour
  4603 | D:5      | Entered Level 5 of the Dungeon
  4621 | D:5      | Reached skill level 7 in Fighting
  4807 | D:5      | Gained mutation: You are slightly more attuned to the
                  | shadows. [demonic ancestry]
  4807 | D:5      | Reached XP level 8. HP: 61/67 MP: 8/8
  4920 | D:$      | Got out of the dungeon alive.

Illustrated notes

Levels and vault maps discovered:
D:1:      matt_arrival_diagonals, layout_basic, minmay_misc_feat_tiny
D:2:      layout_basic, lemuel_doored_altar, minmay_misc_feat_diagonals,
          minmay_misc_feat_room, uniq_robin, uniq_crazy_yiuf_cottage,
          uniq_jessica
D:3:      layout_basic, marbit_many_paths, serial_glass, glass_columns_b,
          glass_columns_a, item_on_display_a, item_on_display_a,
          minmay_strange_pillars, item_on_display_a, first_ration, uniq_natasha,
          uniq_ijyb
D:4:      layout_basic, grunt_gozag_statues, kennysheep_mini, minmay_distorted,
          uniq_duvessa, uniq_blork_the_orc
D:5:      minmay_chambers_of_fours, layout_loops_ring,
          minmay_temple_entry_glassed_door, corexii_shack, uniq_prince_ribbit1

Skill      XL: |  1  2  3  4  5  6  7 |
---------------+----------------------+-----
Fighting       | 3 4 5 6 7 |  7.2
Armour         | 1 2 3 4 5 |  5.4
Axes           | |  2.6
Throwing       | |  1.7
Dodging        | |  2.6

Action                   |  1- 3 |  4- 6 |  7- 9 || total
-------------------------+-------+-------+-------++-------
Melee: War axe           |    91 |    18 |       ||   109
       Quarterstaff      |       |   131 |    47 ||   178
  Use: Scroll            |     6 |     4 |       ||    10
  Eat: Chunk             |     2 |     7 |     4 ||    13
Armor: Leather armour    |     9 |       |       ||     9
       Ring mail         |    49 |       |       ||    49
       Scale mail        |     4 |   105 |    30 ||   139
Dodge: Dodged            |    77 |   127 |    25 ||   229
